 Dungeon Crawl Stone Soup version 0.31.0-32-g396128a36d (webtiles) character file.

Game seed: 6725391879788522861

37533 Alphaeus the Brawler (level 13, -2/131 HPs)
             Began as a Troll Shapeshifter on Mar 18, 2024.
             Was the Champion of Jiyva.
             Slain by a six-headed hydra (6 damage)
             ... on level 2 of the Lair of Beasts.
             The game lasted 00:25:57 (10756 turns).

Alphaeus the Brawler (Troll Shapeshifter)          Turns: 10756, Time: 00:25:58

Health: -2/131     AC:  8    Str: 35    XL:     13   Next: 58%
Magic:  0/21       EV: 10    Int:  7    God:    Jiyva [******]
Gold:   592        SH:  0    Dex: 10    Spells: 12/12 levels left

rFire   . .          .
                       - Unarmed
rCold   . . .        (no shield)
rNeg    . . .        k - +2 troll leather armour {Snorg}
rPois   .            (helmet currently unavailable)
rElec   .            (cloak currently unavailable)
rCorr   +            (gloves unavailable)
SInv    +            (boots unavailable)
Will    +....        s - amulet of guardian spirit
Stlth   +            o - ring of magical power
HPRegen 4.41/turn    p - ring of see invisible
MPRegen 0.97/turn

%: guardian spirit
@: about to teleport, beast-form, studying Armour
A: beast (slay +4), large, unfitting armour, claws 3, regeneration 2, shaggy fur
1, tough skin 1, horns 2, agile 1, clever 1, strong-willed 1, strong 2,
gelatinous body 1, tendrils, jelly sensing items, engulf
a: Begin Untransformation, Renounce Religion, Oozemancy, Slimify


You were on level 2 of the Lair of Beasts.
You worshipped Jiyva.
Jiyva was exalted by your worship.
You were a hulking beast.
You visited 2 branches of the dungeon, and saw 15 of its levels.

You collected 803 gold pieces.
You spent 211 gold pieces at shops.

Inventory:

Missiles
 u - 2 throwing nets
Armour
 a - a +0 animal skin
 k - a +2 troll leather armour (worn) {Snorg}
Jewellery
 e - a ring of positive energy
 f - a ring of willpower
 o - a ring of magical power (left claw)
 p - a ring of see invisible (right claw)
 q - an amulet of the acrobat
 s - an amulet of guardian spirit (around neck)
 y - a ring of poison resistance
 A - a ring of magical power
 F - a ring of willpower
 N - a ring of protection from fire
Talismans
 c - a beast talisman
 d - a flux talisman
 l - a blade talisman
Wands
 g - a wand of paralysis (9)
 x - a wand of flame (77)
 G - a wand of roots (12)
 M - a wand of quicksilver (11) (quivered)
Scrolls
 i - a scroll of amnesia
 j - 2 scrolls of noise
 t - 2 scrolls of teleportation
 B - a scroll of enchant weapon
 H - 2 scrolls of identify
Potions
 b - a potion of resistance
 h - a potion of might
 m - 2 potions of mutation
 n - a potion of heal wounds
 r - a potion of magic
 v - 3 potions of haste
 w - 2 potions of enlightenment
 E - a potion of attraction
 L - a potion of ambrosia
Miscellaneous
 I - a phantom mirror


   Skills:
 + Level 9.1 Fighting
 - Level 1.5 Dodging
 * Level 15.2 Unarmed Combat
 * Level 14.1 Shapeshifting


You had 12 spell levels left.
You didn't know any spells.
Your spell library contained the following spells:

 Spells                   Type           Power      Damage    Failure   Level
 Freeze                   Ice            0%         1d3       45%         1
 Shock                    Conj/Air       0%         1d3       45%         1
 Frozen Ramparts          Ice            0%         1d1       83%         3
 Gell's Gravitas          Tloc           0%         N/A       83%         3
 Hailstorm                Conj/Ice       0%         3d5       83%         3
 Swiftness                Air            0%         N/A       83%         3
 Teleport Other           Tloc           0%         N/A       83%         3
 Airstrike                Air            0%         2d(0-16)  99%         4
 Passage of Golubria      Tloc           0%         N/A       99%         4
 Silence                  Hex/Air        0%         N/A       100%        5
 Dispersal                Tloc           0%         N/A       100%        6
 Lehudib's Crystal Spear  Conj/Erth      0%         10d2      100%        8


Dungeon Overview and Level Annotations

Branches:
Dungeon (13/15)            Temple (0/1) D:5            Lair (2/5) D:9
  Swamp (0/4) Lair:2       Spider (0/4) Lair:2          Orc (0/2) D:11
 Vaults (0/5) D:13

Altars:
Ashenzari
Cheibriados
Dithmenos
Elyvilon
Makhleb
Sif Muna
Vehumet
Jiyva

Shops:
D:4 [   D:6 **   D:11 *   D:12 *!(

Annotations:
D:13 1 runed translucent door


Innate Abilities, Weirdness & Mutations

You are a hulking beast.
Your limbs bulge with bestial killing power. (Slay +4)
You are too large for most types of armour.
You have claws for hands.
You heal very quickly.
You are covered in fur. (AC +1)
You have tough skin. (AC +1)
You have a pair of horns on your head.
You are agile. (Dex +4, Str/Int -1)
Your mind is acute. (Int +4, Str/Dex -1)
You are strong-willed. (Will+)
Your muscles are very strong. (Str +8, Int/Dex -2)
Your rubbery body absorbs attacks. (AC +1, EV +1)
You are covered in slimy tendrils that may disarm your opponents.
You have a small jelly attached to you that senses nearby items.
Your melee attacks may engulf your foes in ooze.


Message History

You are too injured to fight recklessly!
You are too injured to fight recklessly!
You are too injured to fight recklessly!
You are too injured to fight recklessly!
You are too injured to fight recklessly!
You are too injured to fight recklessly!
You are too injured to fight recklessly!
You are too injured to fight recklessly!
You are too injured to fight recklessly!
As you read the scroll of teleportation, it crumbles to dust.
You feel strangely unstable. The six-headed hydra bites you!
The six-headed hydra closely misses you. x2
The six-headed hydra bites you!
* * * LOW HITPOINT WARNING * * *
The six-headed hydra bites you.
* * * LOW HITPOINT WARNING * * *
The six-headed hydra bites you but does no damage.
The swamp worm closely misses you.
You barely miss the swamp worm.
You hear a distant slurping noise.
The swamp worm misses you. The six-headed hydra bites you!
* * * LOW HITPOINT WARNING * * *
The six-headed hydra misses you. The six-headed hydra bites you!
* * * LOW HITPOINT WARNING * * *
The six-headed hydra barely misses you.
The six-headed hydra bites you but does no damage. x2
You claw the swamp worm!
You engulf the swamp worm in ooze!
Your claw misses the swamp worm.
The swamp worm is moderately wounded.
The swamp worm bites you.
* * * LOW HITPOINT WARNING * * *
You barely miss the swamp worm.
The swamp worm is moderately wounded.
The six-headed hydra barely misses you. The six-headed hydra bites you!
* * * LOW HITPOINT WARNING * * *
The six-headed hydra bites you but does no damage.
The six-headed hydra bites you!
* * * LOW HITPOINT WARNING * * *
The six-headed hydra bites you!
You die...

....### ##..♣≈≈≈.~.~≈♣♣
....#####..♣♣≈...~.~♣♣
#...#..###..♣♣≈.~....♣
#..........P#♣♣♣♣§..♣♣
#...###....#♣♣§§§§.♣♣♣♣♣
....# ##...♣ ♣§§♣♣♣♣~≈>♣
P...# ##..#♣♣§§♣ ~≈~♣
#...# ##..♣♣..♣♣♣..§♣♣
#...# #P..#♣..~hD≈.§§♣
....# ##...♣~§§§w≈§§.♣
####. ####♣♣~§§§≈..♣♣
♣§§§♣♣...♣ ♣♣§§§ ...♣
♣♣♣§§ ♣♣♣ ♣♣♣


You could see a six-headed hydra and a swamp worm (engulfed).

Vanquished Creatures
  Snorg (D:10)
  8 vault guards (D:13)
  A hydra (Lair:2)
  3 centaur warriors
  4 two-headed ogres
  3 death yaks (D:9)
  Urug (D:10)
  Sonja (D:13)
  Amaemon (D:11)
  An ugly thing (D:11)
  A cyclops (D:11)
  2 manticores (D:12)
  A black mamba (shapeshifter) (D:13)
  2 black mambas
  5 cane toads
  An orange demon (D:11)
  An unseen horror (D:13)
  6 komodo dragons
  Psyche (D:9)
  A polar bear (Lair:1)
  A hornet (D:7)
  4 trolls
  10 blink frogs
  A shadow (D:12)
  A vampire (D:10)
  A wraith (D:12)
  2 basilisks
  2 wyverns
  30 yaks
  7 vampire mosquitoes (D:13)
  A steam dragon (D:9)
  A swamp worm (Lair:2)
  An acid dragon (D:12)
  6 water moccasins
  Edmund (D:4)
  2 ice beasts
  A sky beast (D:7)
  5 black bears
  5 orc warriors
  25 wolves
  9 centaurs
  3 kobold brigands
  11 bullfrogs
  A gnoll sergeant (D:7)
  5 scorpions
  3 wights (D:7)
  16 killer bees
  3 howler monkeys
  2 iron imps (D:9)
  3 orc priests
  5 hounds
  2 gnoll boudas
  7 orc wizards
  A sleepcap (D:5)
  4 iguanas
  12 gnolls
  7 adders
  A shadow imp (D:6)
  3 white imps
  2 ufetubi (D:6)
  3 ribbon worms
  3 dart slugs
  35 orcs
  6 bats
  2 endoplasms (D:2)
  3 giant cockroaches
  7 goblins
  2 hobgoblins
  12 jackals
  3 quokkas
  6 ball pythons
  4 kobolds
  3 rats
341 creatures vanquished.

Vanquished Creatures (collateral kills)
  A cyclops (D:13)
  A yak (D:9)
2 creatures vanquished.

Vanquished Creatures (others)
  3 slime creatures (D:13)
  A vampire mosquito (D:13)
  A sky beast (D:7)
  A gnoll sergeant (D:9)
  An iron imp (D:9)
  14 jellies
  An orc wizard (D:7)
  3 gnolls (D:9)
  5 orcs (D:7)
  An endoplasm (D:3)
  A kobold (D:9)
32 creatures vanquished.

Grand Total: 375 creatures vanquished

Notes
Turn   | Place    | Note
-------+----------+-------------------------------------------
     0 | D:1      | Alphaeus the Troll Shapeshifter began the quest for the
                  | Orb.
     0 | D:1      | Reached XP level 1. HP: 18/18 MP: 0/0
   467 | D:1      | Reached skill level 1 in Fighting
   468 | D:1      | Reached XP level 2. HP: 27/27 MP: 1/1
   819 | D:2      | Noticed a black bear
   824 | D:2      | Killed a black bear
   825 | D:2      | Reached skill level 4 in Unarmed Combat
   825 | D:2      | Reached XP level 3. HP: 35/35 MP: 2/2
   825 | D:2      | Reached XP level 4. HP: 42/42 MP: 3/3
  1131 | D:2      | Reached XP level 5. HP: 46/49 MP: 4/4
  1302 | D:2      | Found a faded altar of an unknown god.
  1342 | D:2      | Prayed at the altar of an unknown god.
  1342 | D:2      | Became a worshipper of Jiyva Juphir the Shapeless
  1342 | D:2      | Reached * piety under Jiyva
  1667 | D:3      | Reached ** piety under Jiyva
  2259 | D:3      | Reached *** piety under Jiyva
  2259 | D:3      | Gained mutation: You heal very quickly. [Jiyva's grace]
  2259 | D:3      | Gained mutation: You regenerate. [Jiyva's grace]
  2259 | D:3      | Gained mutation: You have acidic saliva. [Jiyva's grace]
  2259 | D:3      | Gained mutation: Your muscles are strong. (Str +4, Int/Dex
                  | -1) [Jiyva's grace]
  2282 | D:4      | Found Seigh's Antique Armour Shop.
  2301 | D:4      | Noticed a black bear
  2309 | D:4      | Killed a black bear
  2325 | D:4      | Noticed a black bear
  2331 | D:4      | Killed a black bear
  2332 | D:4      | Reached skill level 5 in Unarmed Combat
  2332 | D:4      | Reached XP level 6. HP: 58/58 MP: 5/5
  2514 | D:4      | Reached skill level 5 in Shapeshifting
  2680 | D:4      | Noticed Edmund
  2693 | D:4      | Killed Edmund
  2694 | D:4      | Reached XP level 7. HP: 60/66 MP: 6/6
  2964 | D:5      | Entered Level 5 of the Dungeon
  2964 | D:5      | Reached **** piety under Jiyva
  3097 | D:5      | Found a staircase to the Ecumenical Temple.
  3285 | D:5      | Reached skill level 6 in Unarmed Combat
  3476 | D:5      | Reached XP level 8. HP: 75/75 MP: 7/7
  3600 | D:6      | Found a snail-covered altar of Cheibriados.
  3640 | D:6      | Reached skill level 7 in Unarmed Combat
  3668 | D:6      | Noticed a two-headed ogre
  3677 | D:6      | Killed a two-headed ogre
  3678 | D:6      | Reached skill level 8 in Unarmed Combat
  3684 | D:6      | Reached XP level 9. HP: 71/84 MP: 8/8
  3724 | D:6      | Lost mutation: You have acidic saliva. [Jiyva's grace]
  3724 | D:6      | Gained mutation: Your flesh is cold resistant. (rC+)
                  | [Jiyva's grace]
  3724 | D:6      | Gained mutation: Your flesh is very cold resistant. (rC++)
                  | [Jiyva's grace]
  3724 | D:6      | Gained mutation: Your flesh is almost immune to the effects
                  | of cold. (rC+++) [Jiyva's grace]
  3724 | D:6      | Gained mutation: You have hidden genetic potential.
                  | [Jiyva's grace]
  3842 | D:6      | Noticed a rust devil
  3842 | D:6      | Noticed a rust devil
  3861 | D:6      | Reached ***** piety under Jiyva
  3922 | D:6      | Found Cidelelu's Fire Supplies.
  4059 | D:6      | Found Gialiej's General Store.
  4067 | D:6      | Bought a scroll of blinking for 75 gold pieces
  4067 | D:6      | Bought 2 scrolls of identify for 40 gold pieces
  4340 | D:7      | Reached skill level 9 in Unarmed Combat
  4343 | D:7      | Reached skill level 5 in Fighting
  4504 | D:7      | Found a radiant altar of Vehumet.
  4504 | D:7      | Found a broken altar of Ashenzari.
  4711 | D:7      | Reached XP level 10. HP: 96/96 MP: 9/9
  4796 | D:7      | Gained mutation: You are strong-willed. (Will+) [hidden
                  | potential]
  4948 | D:7      | Paralysed by a hornet for 1 turns
  4953 | D:7      | Paralysed by a hornet for 3 turns
  5120 | D:8      | Reached skill level 10 in Unarmed Combat
  5151 | D:8      | Found a white marble altar of Elyvilon.
  5359 | D:9      | HP: 3/97 [komodo dragon (25)]
  5359 | D:9      | HP: 1/97 [yak (2)]
  5407 | D:9      | Noticed Psyche
  5408 | D:9      | Lost mutation: Your flesh is almost immune to the effects
                  | of cold. (rC+++) [Jiyva's grace]
  5408 | D:9      | Lost mutation: Your flesh is very cold resistant. (rC++)
                  | [Jiyva's grace]
  5408 | D:9      | Gained mutation: You have a pair of small horns on your
                  | head. [Jiyva's grace]
  5408 | D:9      | Gained mutation: You have a pair of horns on your head.
                  | [Jiyva's grace]
  5408 | D:9      | Gained mutation: You have a pair of large horns on your
                  | head. [Jiyva's grace]
  5408 | D:9      | Gained mutation: Your rubbery body absorbs attacks. (AC +1,
                  | EV +1) [Jiyva's grace]
  5418 | D:9      | Killed Psyche
  5460 | D:9      | Noticed a death yak
  5462 | D:9      | Noticed a death yak
  5462 | D:9      | Noticed a death yak
  5490 | D:9      | Killed a death yak
  5491 | D:9      | Reached skill level 10 in Shapeshifting
  5496 | D:9      | Killed a death yak
  5497 | D:9      | Reached skill level 11 in Unarmed Combat
  5512 | D:9      | Killed a death yak
  5513 | D:9      | Reached XP level 11. HP: 53/106 MP: 7/10
  5518 | D:9      | Gained mutation: Your spells are a little harder to cast,
                  | but a little more powerful. [hidden potential]
  5518 | D:9      | Lost mutation: You have hidden genetic potential. [hidden
                  | potential expressed]
  5811 | D:9      | Found a staircase to the Lair.
  6000 | D:9      | Reached ****** piety under Jiyva
  6008 | D:9      | Found a burning altar of Makhleb.
  6128 | D:10     | Entered Level 10 of the Dungeon
  6135 | D:10     | Noticed a centaur warrior
  6142 | D:10     | Killed a centaur warrior
  6435 | D:10     | Noticed Snorg
  6439 | D:10     | Killed Snorg
  6439 | D:10     | Noticed Urug
  6447 | D:10     | Killed Urug
  6448 | D:10     | Reached skill level 12 in Unarmed Combat
  6586 | D:10     | Noticed a two-headed ogre
  6590 | D:10     | Killed a two-headed ogre
  6820 | D:11     | Found a staircase to the Orcish Mines.
  6836 | D:11     | Noticed Amaemon
  6841 | D:11     | Killed Amaemon
  6879 | D:11     | Found Sosuehov's Mass Market.
  7090 | D:11     | Lost mutation: You have a pair of large horns on your head.
                  | [Jiyva's grace]
  7090 | D:11     | Lost mutation: Your flesh is cold resistant. (rC+) [Jiyva's
                  | grace]
  7090 | D:11     | Gained mutation: Your melee attacks may engulf your foes in
                  | ooze. [Jiyva's grace]
  7090 | D:11     | Gained mutation: You have a pair of large horns on your
                  | head. [Jiyva's grace]
  7090 | D:11     | Gained mutation: Your mind is acute. (Int +4, Str/Dex -1)
                  | [Jiyva's grace]
  7090 | D:11     | Gained mutation: Your mind is very acute. (Int +8, Str/Dex
                  | -2) [Jiyva's grace]
  7147 | D:11     | Found a shimmering blue altar of Sif Muna.
  7208 | D:11     | Noticed a two-headed ogre
  7212 | D:11     | Killed a two-headed ogre
  7292 | D:11     | Noticed a cyan ugly thing
  7299 | D:11     | Killed a cyan ugly thing
  7402 | D:12     | Found Foigoxzitsak's Antique Weapon Emporium.
  7502 | D:12     | Reached XP level 12. HP: 118/118 MP: 11/11
  7727 | D:12     | Found Idweed's Distillery.
  7739 | D:12     | Noticed a two-headed ogre
  7743 | D:12     | Killed a two-headed ogre
  7744 | D:12     | Reached skill level 13 in Unarmed Combat
  7868 | D:12     | Found Sasio's Assorted Antiques.
  7877 | D:12     | Bought a scroll of identify for 48 gold pieces
  7877 | D:12     | Bought a scroll of identify for 48 gold pieces
  8248 | D:13     | Noticed Sonja
  8260 | D:13     | Killed Sonja
  8342 | D:13     | Found a runed translucent door.
  8349 | D:13     | Found a gate to the Vaults.
  8349 | D:13     | Noticed a vault guard
  8349 | D:13     | Noticed a vault guard
  8349 | D:13     | Noticed a vault guard
  8349 | D:13     | Noticed a vault guard
  8349 | D:13     | Noticed a vault guard
  8349 | D:13     | Noticed a vault guard
  8350 | D:13     | Noticed a vault guard
  8350 | D:13     | Noticed a vault guard
  8357 | D:13     | Killed a vault guard
  8361 | D:13     | Killed a vault guard
  8369 | D:13     | Killed a vault guard
  8375 | D:13     | Killed a vault guard
  8384 | D:13     | Killed a vault guard
  8390 | D:13     | Killed a vault guard
  8399 | D:13     | Killed a vault guard
  8418 | D:13     | Killed a vault guard
  8457 | D:13     | Reached skill level 14 in Unarmed Combat
  8548 | D:13     | Identified the +0 robe of a bailey {rN+}
  8938 | D:13     | Noticed a centaur warrior
  8942 | D:13     | Killed a centaur warrior
  9075 | D:13     | Noticed a centaur warrior
  9079 | D:13     | Killed a centaur warrior
  9222 | D:13     | Found a shadowy altar of Dithmenos.
  9338 | Lair:1   | Entered Level 1 of the Lair of Beasts
  9345 | Lair:1   | Reached XP level 13. HP: 122/128 MP: 12/12
  9404 | Lair:1   | HP: 6/128 [yak (12)]
  9407 | Lair:1   | Lost mutation: You have a pair of large horns on your head.
                  | [Jiyva's grace]
  9407 | Lair:1   | Lost mutation: Your mind is very acute. (Int +8, Str/Dex
                  | -2) [Jiyva's grace]
  9407 | Lair:1   | Lost mutation: You regenerate. [Jiyva's grace]
  9407 | Lair:1   | Lost mutation: Your spells are a little harder to cast, but
                  | a little more powerful. [Jiyva's grace]
  9407 | Lair:1   | Gained mutation: You are covered in slimy tendrils that may
                  | disarm your opponents. [Jiyva's grace]
  9407 | Lair:1   | Gained mutation: Your muscles are very strong. (Str +8,
                  | Int/Dex -2) [Jiyva's grace]
  9407 | Lair:1   | Gained mutation: You have a small jelly attached to you
                  | that senses nearby items. [Jiyva's grace]
  9407 | Lair:1   | Gained mutation: You are agile. (Dex +4, Str/Int -1)
                  | [Jiyva's grace]
 10271 | Lair:2   | Reached skill level 15 in Unarmed Combat
 10567 | Lair:2   | Found a hole to the Spider Nest.
 10744 | Lair:2   | Found a staircase to the Swamp.
 10756 | Lair:2   | HP: 4/131 [six-headed hydra (6)]
 10756 | Lair:2   | Slain by a six-headed hydra

Illustrated notes

Levels and vault maps discovered:
D:1:      minmay_arrival_arboretum_small, layout_loops_corners,
          kennysheep_doodads, minmay_surrounded
D:2:      layout_loops_ring, hellmonk_ecumenical_altar_leap_of_faith,
          serial_park_tiny_1
D:3:      layout_basic, st_stairs_8, corner_web_ring, minmay_statues_item
D:4:      layout_gridville, serial_shops, nicolae_stop_n_shop_2, uniq_edmund
D:5:      layout_loops_cross, temple_statues, minmay_bent
D:6:      cheibrodos_iron_armory, layout_basic, mainiacjoe_overflow_paths,
          serial_shops, shop, grunt_ministairs_8, ebering_dispersal_statue_hall,
          nicolae_shop_fire_sale [nicolae_sub_dead_trees], minmay_manual_moon
D:7:      layout_rooms, gammafunk_temple_overflow_statue
D:8:      layout_rooms, nicolae_overflow_crystal_walls
D:9:      layout_roguey, demons_altar, dpeg_lair_monsters, uniq_psyche
D:10:     layout_basic, uniq_snorg, uniq_urug
D:11:     layout_loops_ring, orc_0_dummy, minmay_shop_mass, led_sif_pool,
          uniq_amaemon
D:12:     layout_loops_corners, serial_shops, shop,
          nicolae_shop_overgrown_old_shop, shop
D:13:     layout_loops_corners, erik_vaults_2, nicolae_danse_macabre, uniq_sonja
Lair:1:   layout_gridlike, grunt_megastairs_4, lemuel_fruit_tree
Lair:2:   layout_small_grid, palyth_hydra_swamp_entry,
          spider_nest_entry_web_field, beast_lair_carwin_9, grunt_megastairs_5

Skill      XL: |  1  2  3  4  5  6  7  8  9 10 11 12 13 |
---------------+----------------------------------------+-----
Fighting       | 1 2 3 4 5 6 7 8 9 |  9.1
Unarmed Combat | 4 5 6 8 9 11 12 14 15 | 15.2
Shapeshifting  | 4 5 6 7 9 10 11 13 14 | 14.1
Dodging        | |  1.5

Action                     |  1- 3 |  4- 6 |  7- 9 | 10-12 | 13-15 || total
---------------------------+-------+-------+-------+-------+-------++-------
  Melee: Unarmed           |    38 |    97 |   213 |   340 |   185 ||   873
         Bite              |       |     2 |     8 |       |       ||    10
         Punch             |       |     2 |     8 |    30 |    14 ||    54
         Headbutt          |       |       |       |    51 |    29 ||    80
  Evoke: Wand              |       |       |       |     4 |       ||     4
    Use: Scroll            |       |       |     7 |     7 |    11 ||    25
         Potion            |       |       |       |    11 |     3 ||    14
 Armour: Animal skin       |    24 |    67 |   153 |   328 |   111 ||   683
         Skin              |       |       |       |    21 |    71 ||    92
         Troll leather arm |       |       |       |       |    66 ||    66
  Dodge: Dodged            |    21 |    31 |    77 |   171 |   101 ||   401
